 Dungeon Crawl Stone Soup version 0.24.0-125-gc4c63601f3 (webtiles) character file.

Game seed: 13389261887539968623, levelgen mode: deterministic

186 mortelune the Covered (level 5, -1/37 HPs)
             Began as a Gnoll Wanderer on Mar 7, 2020.
             Killed from afar by an orc wizard (10 damage)
             ... with a puff of flame
             ... on level 4 of the Dungeon.
             The game lasted 00:07:25 (3706 turns).

mortelune the Covered (Gnoll Wanderer)              Turns: 3706, Time: 00:07:26

Health: -1/37      AC: 13    Str: 18    XL:     5   Next: 66%
Magic:  7/7        EV:  7    Int: 14    God:
Gold:   227        SH:  0    Dex: 12    Spells: 7/7 levels left

rFire    . . .     SeeInvis .   g - +0 mace (curse)
rCold    . . .     Gourm    .   (no shield)
rNeg     . . .     Faith    .   m - +0 plate armour
rPois    .         Spirit   .   j - +0 hat
rElec    .         Reflect  .   (no cloak)
rCorr    .         Harm     .   (no gloves)
MR       .....                  (no boots)
Stlth    ..........             n - amulet of regeneration
HPRegen  0.52/turn              (no ring)
MPRegen  0.10/turn              (no ring)

@: no status effects
A: distributed training, fangs 1, strong nose
a: no special abilities


You were on level 4 of the Dungeon.
You were very hungry.

You visited 1 branch of the dungeon, and saw 4 of its levels.

You collected 227 gold pieces.

Inventory:

Hand Weapons
 a - a +2 dagger
 g - a cursed +0 mace (weapon)
 i - a +0 short sword
Armour
 c - a +0 ring mail
 e - a +0 robe of resistance
 j - a +0 hat (worn)
 m - a +0 plate armour (worn)
Jewellery
 n - an amulet of regeneration (around neck)
Wands
 s - a wand of random effects (24)
Scrolls
 b - a scroll of amnesia {unknown}
 k - 2 scrolls of identify
 l - 2 scrolls of magic mapping
 p - a scroll of immolation {unknown}
 r - a scroll of enchant weapon {unknown}
Potions
 d - a potion of curing
Comestibles
 f - 9 rations


   Skills:
 + Level 1.5 Fighting
 + Level 4.8 Short Blades
 + Level 1.5 Long Blades
 + Level 1.5 Axes
 + Level 1.5 Maces & Flails
 + Level 1.5 Polearms
 + Level 1.5 Staves
 + Level 1.5 Slings
 + Level 4.8 Bows
 + Level 1.5 Crossbows
 + Level 1.5 Throwing
 + Level 6.7 Armour
 + Level 3.0 Dodging
 + Level 2.8 Stealth
 + Level 3.0 Shields
 + Level 1.5 Unarmed Combat
 + Level 1.5 Spellcasting
 + Level 1.2 Conjurations
 + Level 1.2 Hexes
 + Level 1.2 Charms
 + Level 1.2 Summonings
 + Level 1.2 Necromancy
 + Level 1.2 Translocations
 + Level 1.2 Transmutations
 + Level 1.2 Fire Magic
 + Level 1.2 Ice Magic
 + Level 1.2 Air Magic
 + Level 1.2 Earth Magic
 + Level 1.2 Poison Magic
 + Level 1.7 Invocations
 + Level 1.5 Evocations


You had 7 spell levels left.
You didn't know any spells.
Your spell library contained the following spells:

 Spells                   Type           Power        Failure   Level  Hunger
 Animate Skeleton         Necr           N/A          99%         1    ##.....
 Apportation              Tloc           #.....       99%         1    ##.....
 Confusing Touch          Hex            #.....       99%         1    ##.....
 Summon Small Mammal      Summ           #...         99%         1    ##.....


Dungeon Overview and Level Annotations

Branches:
Dungeon (4/15)
 Temple: D:4-7

Altars:
Cheibriados
Sif Muna
Trog

Annotations:
D:2 Sigmund


Innate Abilities, Weirdness & Mutations

Your experience applies equally to all skills.
You have very sharp teeth.
Your uncanny sense of smell can sniff out nearby items.


Message History

The worker ant waves its antennae.
The bullfrog hits you but does no damage.
The bullfrog hits you but does no damage.
The bullfrog barely misses you.
An orc wizard comes into view.
It is wielding a +0 dagger and wearing a +1 robe of the Archmagi.
The orc wizard casts a spell at you. The puff of flame hits you!
* * * LOW HITPOINT WARNING * * *
The bullfrog hits you.
* * * LOW HITPOINT WARNING * * *
An orc comes into view. It is wielding a +0 dagger.
The orc shouts!
The bullfrog barely misses you.
You sock the orc wizard!
The orc wizard is severely wounded.
The bullfrog hits you.
* * * LOW HITPOINT WARNING * * *
The orc wizard gestures at you while chanting.
The puff of flame hits you!
You die...

#..# #..# ∆ #..# #..#
### #..# .... #s> .....
######.###########......
#.........Osr.OF@o......
#....#a###########.o....
...#........# #...... ##
#.#.###.... ##. ..##
#.#.# ###.#....... #.#.#
#.#...#.## #r#..
.###.#...... ####O#####
........##.###
.........#
.............#


You could see 2 ogres, a bullfrog, an orc wizard, an orc, a quokka and a giant
cockroach.

Vanquished Creatures
  An orc wizard (D:3)
  Jessica (D:2)
  4 adders
  2 oozes (D:3)
  An adder skeleton (D:4)
  2 worms (D:3)
  3 leopard geckos
  4 orcs (D:3)
  4 ball pythons (D:3)
  A giant cockroach (D:3)
  7 goblins
  8 hobgoblins
  9 jackals
  8 bats
  5 frilled lizards
  6 kobolds
  6 rats
72 creatures vanquished.

Notes
Turn   | Place    | Note
-------+----------+-------------------------------------------
     0 | D:1      | mortelune the Gnoll Wanderer began the quest for the Orb.
     0 | D:1      | mortelune set off with the following items: a +2 dagger, a
                  | scroll of blinking, a +0 ring mail, a potion of curing, a
                  | ration
     0 | D:1      | Reached XP level 1. HP: 13/13 MP: 1/1
   177 | D:1      | Reached XP level 2. HP: 18/19 MP: 2/2
  1079 | D:1      | Reached XP level 3. HP: 25/25 MP: 3/3
  1345 | D:2      | Noticed Jessica
  1346 | D:2      | Reached skill level 1 in Invocations
  1354 | D:2      | Killed Jessica
  1354 | D:2      | Reached skill level 1 in Fighting
  1354 | D:2      | Reached skill level 1 in Long Blades
  1354 | D:2      | Reached skill level 1 in Axes
  1354 | D:2      | Reached skill level 1 in Maces & Flails
  1354 | D:2      | Reached skill level 1 in Polearms
  1354 | D:2      | Reached skill level 1 in Staves
  1354 | D:2      | Reached skill level 1 in Slings
  1354 | D:2      | Reached skill level 1 in Crossbows
  1354 | D:2      | Reached skill level 1 in Throwing
  1354 | D:2      | Reached skill level 1 in Unarmed Combat
  1354 | D:2      | Reached skill level 1 in Spellcasting
  1354 | D:2      | Reached skill level 1 in Evocations
  1354 | D:2      | Reached XP level 4. HP: 17/32 MP: 5/5
  1520 | D:2      | Found a shimmering blue altar of Sif Muna.
  1722 | D:2      | Noticed Sigmund
  1915 | D:2      | Found a bloodstained altar of Trog.
  2272 | D:3      | Reached skill level 1 in Conjurations
  2272 | D:3      | Reached skill level 1 in Hexes
  2272 | D:3      | Reached skill level 1 in Charms
  2272 | D:3      | Reached skill level 1 in Summonings
  2272 | D:3      | Reached skill level 1 in Necromancy
  2272 | D:3      | Reached skill level 1 in Translocations
  2272 | D:3      | Reached skill level 1 in Transmutations
  2272 | D:3      | Reached skill level 1 in Fire Magic
  2272 | D:3      | Reached skill level 1 in Ice Magic
  2272 | D:3      | Reached skill level 1 in Air Magic
  2272 | D:3      | Reached skill level 1 in Earth Magic
  2272 | D:3      | Reached skill level 1 in Poison Magic
  2453 | D:3      | Reached XP level 5. HP: 37/37 MP: 5/7
  2760 | D:3      | Found a snail-covered altar of Cheibriados.
  3398 | D:4      | Noticed an ogre
  3574 | D:4      | Noticed an ogre
  3678 | D:4      | Noticed an ogre
  3706 | D:4      | Killed from afar by an orc wizard

Levels and vault maps discovered:
D:1:      matt_arrival_los_fun, layout_loops_ring
D:2:      layout_rooms, old_standard_altar, lemuel_coloured_pillars_altar,
          overflow_temple_1_default, kennysheep_flooded_box,
          minmay_misc_feat_encased, uniq_crazy_yiuf_cottage, uniq_sigmund,
          uniq_jessica
D:3:      cheibrodos_old_hovel, layout_basic, nicolae_overflow_hidden_temple,
          first_ration
D:4:      layout_basic

Skill      XL: |  1  2  3  4  5 |
---------------+----------------+-----
Invocations    | 1 |  1.7
Fighting       | 1 |  1.5
Long Blades    | 1 |  1.5
Axes           | 1 |  1.5
Maces & Flails | 1 |  1.5
Polearms       | 1 |  1.5
Staves         | 1 |  1.5
Slings         | 1 |  1.5
Crossbows      | 1 |  1.5
Throwing       | 1 |  1.5
Unarmed Combat | 1 |  1.5
Spellcasting   | 1 |  1.5
Evocations     | 1 |  1.5
Conjurations   | 1 |  1.2
Hexes          | 1 |  1.2
Charms         | 1 |  1.2
Summonings     | 1 |  1.2
Necromancy     | 1 |  1.2
Translocations | 1 |  1.2
Transmutations | 1 |  1.2
Fire Magic     | 1 |  1.2
Ice Magic      | 1 |  1.2
Air Magic      | 1 |  1.2
Earth Magic    | 1 |  1.2
Poison Magic   | 1 |  1.2
Dodging        | 3 |  3.0
Shields        | 3 |  3.0
Short Blades   | |  4.8
Bows           | |  4.8
Armour         | |  6.7
Stealth        | |  2.8

Action                   |  1- 3 |  4- 6 || total
-------------------------+-------+-------++-------
Melee: Dagger            |   100 |    18 ||   118
       Bite              |     6 |    19 ||    25
       Mace              |       |   182 ||   182
Throw: Javelin           |     3 |     6 ||     9
  Use: Scroll            |     2 |     3 ||     5
       Potion            |       |     3 ||     3
 Stab: Sleeping          |     1 |     1 ||     2
       Invisible         |       |     1 ||     1
  Eat: Chunk             |     1 |     7 ||     8
Armor: Ring mail         |    29 |     5 ||    34
       Plate armour      |       |   170 ||   170
Dodge: Dodged            |    42 |   130 ||   172
